[Event "*** Titled Tuesday Blitz"]
[Site "Chess.com"]
[Date "2021.03.02"]
[Round "4"]
[White "Gogolev_Artemy"]
[Black "mikolka1985"]
[Result "1-0"]
[WhiteElo "2494"]
[BlackElo "2635"]
[TimeControl "180+1"]
[EndTime "10:41:19 PST"]
[Termination "Gogolev_Artemy won on time"]

1. c4 Nf6 2. d4 e6 3. Nf3 d5 4. g3 dxc4 5. Bg2 a6 6. a4 Nc6 7.
Qc2 Na5 8. Nbd2 Be7 9. O-O O-O 10.
Nxc4 Nxc4 11. Qxc4 b5 12. Qc2 Bb7 13. Bg5 h6 14.
Bxf6 Bxf6 15. e3 Bd5 16. Rfc1 Rc8 17. Ne1 e5 18. Bxd5 Qxd5 19. dxe5 Bxe5 20. Nd3 Bd6 21. axb5 axb5 22. Nf4 Qf3 23. Qc6 Qxc6 24. Rxc6 f5 25. Ne6 Rfe8 26. Nd4 Re5 27. Ra5 Rb8 28. Rca6 Rc5 29.
Ra8 Rxa8 30. Rxa8+ Kf7 31. Rb8 b4 32. Kg2 Rd5 33.
b3 c5 34. Rb7+ Kf6 35. Nb5 Be7 36. Rb6+ Kf7 37. Na7 Rd3 38. Nc6 Bf6 39. Rb5 Rxb3 40. Rxc5 Rb2 41. Rxf5 b3 42. Rb5 Rb1 43. Nd4 b2 44.
Kf3 Ke7 45. Ke2 Kd7 46. Kd2 Rf1 47. Rxb2 Rxf2+ 48. Kc3 Rf1 49. Kd3 Kd6 50. Rb6+ Kd7 51. Rb2 Rd1+ 52. Rd2 Rh1 53. Ke4 Ke7 54. Nf5+ Kf7 55.
Rc2 Kg6 56. Nh4+ Kh7 57. Nf3 Rf1 58. Re2 Rh1 59. Nd4 Rf1 60. Ne6 Rh1 61. Nf4 Rf1 62. Kd3 Rd1+ 63. Rd2 Rh1 64. e4 Re1 65. Re2 Rd1+ 66.
Kc2 Rd7 67. e5 Rc7+ 68. Kd3 Bg5 69. Ne6 Rd7+ 70. Ke4 Be7 71. Re3 Ra7 72. Rd3 Ra4+ 73. Kf3 Ra6 74. Nf4 Ra7 75. e6 1-0

[Event "*** Titled Tuesday Blitz"]
[Site "Chess.com"]
[Date "2021.03.02"]
[Round "4"]
[White "digilik"]
[Black "NiranjanNavalgund"]
[Result "1/2-1/2"]
[WhiteElo "2250"]
[BlackElo "2425"]
[TimeControl "180+1"]
[EndTime "10:41:19 PST"]
[Termination "Game drawn - insufficient material"]

1. e4 e5 2. Nf3 Nc6 3. Nc3 Nf6 4. Bb5 Bb4 5. O-O O-O 6. d3 d6 7. Bg5 Ne7 8. Nh4 c6 9. Ba4 Bxc3 10. bxc3 d5 11. f4 Ng4 12. f5 Nf6 13. Bxf6 gxf6 14. Rf3 dxe4 15. Rh3 Nxf5 16. Nxf5 Bxf5 17. Rg3+ Kh8 18.
Qf1 Bg6 19. dxe4 Bxe4 20. Rd1 Qe7 21. Rd7 Qe6 22. Bb3 Qf5 23. Bxf7 Qxf1+ 24. Kxf1 b6 25. Bc4 Rfd8 26. Rc7 b5 27. Bd3 Bxd3+ 28. cxd3 Rdc8 29. Rf7 Rf8 30. Rc7 Rfc8 31. Rf7 Rg8 32. Rf3 Rad8 33. R7xf6 Rg6 34. Rf7 a5 35. Rh3 h6 36. Rhf3 Kg8 37. g3 a4 38. Ke2 Rgd6 39. Rc7 e4 40.
dxe4 Rd2+ 41. Ke3 Rxa2 42. Kf4 Rf8+ 43. Ke3 Rxf3+ 44. Kxf3 Rxh2 45. Rxc6 Rc2 46. Kf4 b4 47. Ra6 b3 48. Rxa4 Rxc3 49. Rb4 Kf7 50. Kf5 Rxg3 51.
Rb7+ Ke8 52. e5 Kd8 53. Ke6 Re3 54. Kd6 Kc8 55. Rc7+ Kb8 56. Rc4 Rd3+ 57. Ke7 Ka7 58. Rb4 Ka6 59. e6 Ka5 60. Rb8 Ka4 61. Kf8 Re3 62. e7 Ka3 63. e8=Q Rxe8+ 64. Kxe8 b2 65. Kf7 h5 66. Ke6 h4 67. Ke5 Ka2 68. Kf4 b1=Q 69.
Ra8+ Kb2 70. Rb8+ Kc1 71. Rxb1+ Kxb1 72. Kg4 h3 73. Kxh3 1/2-1/2

[Event "*** Titled Tuesday Blitz"]
[Site "Chess.com"]
[Date "2021.03.02"]
[Round "4"]
[White "KonstantinB_1983"]
[Black "ram1zan"]
[Result "0-1"]
[WhiteElo "2546"]
[BlackElo "2954"]
[TimeControl "180+1"]
[EndTime "10:41:20 PST"]
[Termination "ram1zan won by checkmate"]

1. d4 d5 2. c4 e6 3. Nc3 c5 4.
cxd5 exd5 5. Nf3 Nc6 6. g3 Nf6 7. Bg2 cxd4 8. Nxd4 Bc5 9. Nb3 Bb6 10. Nxd5 Be6 11. e4 Bg4 12. Qd3 O-O 13. O-O Ne5 14. Qb5 Nxd5 15. Qxd5 Qf6 16. Bf4 Nf3+ 17. Kh1 g5 18. e5 Qc6 19. Qxc6 bxc6 20. Be3 Bxe3 21. fxe3 Nxe5 22. h3 Be6 23. Nc5 Rad8 24. Rad1 Bxa2 25. Rd4 Be6 26. Ra1 Rb8 27. Ne4 h6 28. Rd2 Nc4 29. Re2 Rxb2 30. Rxb2 Nxb2 31. Rxa7 Nc4 32. Nc5 Bd5 33. e4 Be6 34. Rc7 Ne5 35. g4 Bc4 36. Kh2 Kg7 37. Kg3 Kf6 38. h4 Ra8 39.
Nd7+ Nxd7 40. Rxd7 Ke5 41. hxg5 hxg5 42. Rd2 Ra3+ 43. Bf3 Rc3 44. Rb2 c5 45. Rh2 f6 46.
Rb2 Be6 47. Rd2 c4 48. Ra2 Rd3 49. Ra5+ Kd4 50. Kf2 c3 51. Be2 Rd2 52. Ra4+ Ke5 53. Ke3 Rb2 54. Ra5+ Kd6 55. Ra6+ Ke7 56. Rc6 Rb3 57.
Bd3 Bxg4 58. Kd4 Bd7 59. Rc5 g4 60. e5 f5 61. Bc4 Ra3 62. e6 Bxe6 63. Rd5 Bxd5 64.
Bxd5 g3 65. Ke5 c2 66. Be4 c1=Q 67. Bf3 Qc3+ 68. Kf4 Qxf3+ 69. Kg5 Qg4+ 70. Kh6 Ra6+ 71. Kh7 Qg6+ 72. Kh8 Ra8# 0-1

[Event "*** Titled Tuesday Blitz"]
[Site "Chess.com"]
[Date "2021.03.02"]
[Round "4"]
[White "KNCP_719"]
[Black "Julianos82"]
[Result "1-0"]
[WhiteElo "2589"]
[BlackElo "2348"]
[TimeControl "180+1"]
[EndTime "10:41:20 PST"]
[Termination "KNCP_719 won by resignation"]

1. e4 c5 2. Nf3 b6 3. d4 cxd4 4. Nxd4 Bb7 5. Nc3 a6 6. Be2 e6 7.
O-O Qc7 8. Bf3 Nc6 9. Nxc6 dxc6 10. Qe2 Bd6 11. g3 Ne7 12. Rd1 Ng6 13. Kg2 O-O 14. Be3 c5 15. Rd2 Be5 16. Rad1 Bxc3 17. bxc3 Rad8 18. h4 Qe7 19. h5 Ne5 20. Bf4 Nxf3 21. Qxf3 f5 22. Qe3 Rxd2 23. Rxd2 Qf7 24. f3 fxe4 25.
fxe4 e5 26. Bxe5 Qf1+ 27. Kh2 h6 28. Bf4 Bc8 29. Rg2 Rd8 30. Qe2 Qa1 31. Qc4+ Kh8 32.
Rg1 Qb2 33. Qb3 Qxb3 34. cxb3 Bg4 35. Bc7 Rd2+ 36. Rg2 Rxg2+ 37. Kxg2 b5 38. Bd6 c4 39. b4 Kg8 40. Kf2 Kf7 41. Ke3 Bxh5 42. Kd4 Ke6 43. Bf8 Kf7 44. Bd6 Ke6 45. Be5 g6 46. Bg7 Bf3 47.
Bxh6 Kd6 48. Bf4+ Ke6 49. Bb8 Bg2 50. Ke3 Bh3 51. Kf4 Bg2 52. Ke3 Bh3 53. a3 Bg2 54. Kd4 Bf3 55. e5 Bg2 56. Kc5 Bd5 57. Kb6 Kd7 58.
Kxa6 Kc6 59. Bd6 Be6 60. Ka5 Bd7 61. a4 bxa4 62. Kxa4 Kb6+ 63. Ka3 Kb5 64. Kb2 Bf5 65. Kc1 Ka4 66. Kd2 Bd7 67. Bc5 Kb5 68. Ke3 Kc6 69. Ke4 Be6 70. Kf4 Kd5 71. Bd4 Bd7 72. Kg5 Be8 73. Kf6 Bd7 74. Ke7 Bb5 75. Kf7 Bd7 76. Kxg6 Ke6 77. Kg7 Be8 78. g4 Bd7 79. g5 Be8 80. g6 Bd7 81. Kf8 1-0

[Event "*** Titled Tuesday Blitz"]
[Site "Chess.com"]
[Date "2021.03.02"]
[Round "4"]
[White "Hongjin"]
[Black "TST2014"]
[Result "1-0"]
[WhiteElo "2495"]
[BlackElo "2620"]
[TimeControl "180+1"]
[EndTime "10:41:21 PST"]
[Termination "Hongjin won on time"]

1. c4 Nf6 2. Nf3 g6 3. b3 Bg7 4. Bb2 O-O 5. g3 a5 6. Bg2 a4 7.
O-O d6 8. d4 Bf5 9. d5 c5 10.
Nbd2 a3 11. Bc3 b5 12. cxb5 Qb6 13. Nc4 Qxb5 14. Nfd2 Na6 15. e4 Bg4 16. f3 Bc8 17. Qe2 Nb4 18. f4 Nc2 19. Rac1 Nd4 20. Bxd4 cxd4 21.
Qd3 Ng4 22. Nf3 Ne3 23. Rf2 Qc5 24. Rd2 Ba6 25. Nxd4 Nxc4 26. bxc4 Rfc8 27. Bf1 e5 28. dxe6 fxe6 29. Kh1 Kf7 30. Bh3 Re8 31. Nb3 Qc6 32. Qxd6 Qxe4+ 33. Bg2 Qe3 34. Nc5 Rad8 35. Qc7+ Kg8 36.
Qxd8 Rxd8 37. Rxd8+ Kf7 38. Rd7+ Ke8 39. Rcd1 Bd4 40.
R7xd4 Bc8 41. Nd7 Bxd7 42. Rxd7 Qc3 43. R7d2 Qxc4 44. Re1 Qc3 45. Rde2 Kf7 46. Rxe6 Qb2 47. R6e2 Qb4 48. Bd5+ Kf6 49. Bb3 h5 50. Re6+ Kg7 51.
R6e2 h4 52. gxh4 Qb7+ 53. Kg1 Kh6 54. Rg2 Kh5 55. Rf1 Qb6+ 56. Kh1 Qc6 57. Rg1 Kxh4 58. Bd1 Kh3 59. Be2 Qe4 60. Bf1 Kh4 61. f5 gxf5 62. Bb5 f4 63. Rf1 Kh3 64. Bd7+ Kh4 65. Kg1 Qe3+ 66.
Rgf2 f3 67. Bc6 Qg5+ 68. Kh1 Qc5 69. Bxf3 Qc3 70. Bg2 Qe3 71. Rf4+ Kg5 72. R4f3 Qe2 73. Rg1 Kh4 74. Rh3+ Kg5 75. Bf1+ Kf4 76. Bxe2 1-0

[Event "*** Titled Tuesday Blitz"]
[Site "Chess.com"]
[Date "2021.03.02"]
[Round "4"]
[White "wadsy27"]
[Black "DenLaz"]
[Result "0-1"]
[WhiteElo "2539"]
[BlackElo "2828"]
[TimeControl "180+1"]
[EndTime "10:41:24 PST"]
[Termination "DenLaz won on time"]

1. c4 c6 2. g3 d5 3. Nf3 Nf6 4. Bg2 g6 5. b3 Bg7 6. Bb2 O-O 7. O-O Bf5 8. d3 Nbd7 9. Nd4 e6 10. Nxf5 exf5 11. cxd5 Nxd5 12. Bxg7 Kxg7 13. Bxd5 cxd5 14. d4 h5 15. h4 f4 16. Nc3 fxg3 17. fxg3 Nf6 18.
Qd3 Rc8 19. Rf3 Rc6 20. Raf1 Re6 21. Rf4 a6 22. e4 dxe4 23. Nxe4 Nxe4 24. Rxe4 Rxe4 25.
Qxe4 Qd6 26. Kg2 Rc8 27. Rf2 Rc7 28. d5 Rd7 29. Qd4+ Kg8 30. Rd2 Re7 31. Rc2 Re8 32.
Rf2 Re5 33. Rd2 Rf5 34. Qe4 Kg7 35. Qd4+ Kh7 36. Qe4 Re5 37. Qf3 Kg7 38. Qc3 f6 39. Qd4 Re7 40. b4 Rd7 41. a4 Re7 42. a5 Re5 43.
Qc5 Qxc5 44. bxc5 Kf7 45. Rb2 Rxd5 46. Rxb7+ Ke6 47. Rb6+ Kf5 48. Rxa6 Rxc5 49. Ra8 Kg4 50. a6 Rc2+ 51. Kf1 Ra2 52. a7 Kf3 53. Ke1 Ra1+ 54. Kd2 Kxg3 55. Rg8 Rxa7 56. Rxg6+ Kxh4 57. Rxf6 Re7 58.
Rg6 Kh3 59. Rg8 h4 60. Kd3 Kh2 61. Kd2 h3 62. Kd3 Kh1 63. Kd2 h2 64. Kd1 Re5 65. Kd2 Ra5 66. Ke2 Ra1 67. Kf2 Rg1 68. Ra8 Rc1 69.
Rg8 Rc2+ 70. Kf1 Rc4 71. Kf2 Rf4+ 72. Ke2 Rf7 73. Ke1 Ra7 74. Kf2 Ra1 75. Ke2 Rg1 76. Rh8 Kg2 77. Rg8+ Kh3 78. Rh8+ Kg3 0-1

[Event "*** Titled Tuesday Blitz"]
[Site "Chess.com"]
[Date "2021.03.02"]
[Round "4"]
[White "andriipalchuk"]
[Black "Cptn2"]
[Result "0-1"]
[WhiteElo "2539"]
[BlackElo "2371"]
[TimeControl "180+1"]
[EndTime "10:41:24 PST"]
[Termination "Cptn2 won by resignation"]

1. e4 c5 2. Nf3 Nc6 3. c3 g6 4. d4 cxd4 5. cxd4 Bg7 6. Nc3 Nf6 7.
e5 Ng8 8. Bc4 d6 9. Qe2 Nh6 10.
O-O O-O 11. e6 fxe6 12. Bxe6+ Bxe6 13. Qxe6+ Kh8 14. d5 Nb8 15. Qh3 Nf7 16. Nh4 Kg8 17.
Ne4 Nd7 18. Re1 Nf6 19. Ng5 Nxg5 20. Bxg5 Rf7 21. Rad1 Qb6 22. Nf3 Qxb2 23. Bc1 Qxa2 24.
Ng5 Raf8 25. Nxf7 Rxf7 26. Qc8+ Rf8 27. Qe6+ Kh8 28. Be3 Ng8 29. Qe4 b5 30. Bd4 a5 31.
Bxg7+ Kxg7 32. Qd4+ Rf6 33. Ra1 Qc4 34. Qxc4 bxc4 35.
Rxa5 Rf4 36. Rc1 Nf6 37. Ra4 Nxd5 38. Raxc4 Rf8 39. Re1 Kf7 40. Rd4 Nf6 41. h3 Rb8 42.
Rc4 Rb7 43. Rc8 e5 44. Rd1 Rd7 45. Rc6 Ke6 46. Re1 Nd5 47. g3 Nb4 48. Rc3 d5 49. Kg2 d4 50. Rb3 Nc6 51. Rb6 Rd6 52. Rc1 Ne7 53. Rxd6+ Kxd6 54. Kf3 Kd5 55. Ke2 e4 56. Ra1 d3+ 57. Kd2 Nc6 58. Ra4 Nd4 59. h4 Ke5 60.
Ra5+ Kf6 61. Ke3 Nb3 62. Kxe4 Nxa5 63. Kxd3 Kf5 64. Ke3 Nc6 65. Kf3 Ne5+ 66. Ke3 Kg4 67. Ke4 Nf3 68. Ke3 Nxh4 69. gxh4 Kxh4 70. Kf3 Kg5 71.
Kg3 Kf5 72. f3 g5 73. Kh3 Kf4 74. Kg2 h5 75. Kf2 h4 76. Kg2 h3+ 77. Kxh3 Kxf3 78. Kh2 g4 79. Kg1 Kg3 80. Kh1 Kf2 0-1

[Event "*** Titled Tuesday Blitz"]
[Site "Chess.com"]
[Date "2021.03.02"]
[Round "4"]
[White "AttilaTurzo"]
[Black "Grandelicious"]
[Result "0-1"]
[WhiteElo "2541"]
[BlackElo "2845"]
[TimeControl "180+1"]
[EndTime "10:41:28 PST"]
[Termination "Grandelicious won on time"]

1. d4 d5 2. Bf4 e6 3. e3 Bd6 4. Bg3 Nf6 5. Nf3 b6 6. Nbd2 Bb7 7. Bd3 Ne4 8. Qe2 O-O 9. c4 Nd7 10. Bxd6 cxd6 11. cxd5 Nxd2 12. Qxd2 Bxd5 13. e4 Bb7 14.
O-O Nf6 15. Qe3 Rc8 16. Rac1 Qd7 17. h3 Qa4 18. Bb1 h6 19. Nd2 Ba6 20. Rfe1 Qb4 21. Nb3 Bc4 22. Rc3 Bxb3 23. Rxb3 Qa4 24. Rc3 e5 25. dxe5 dxe5 26. f3 Qb4 27. Rec1 Rcd8 28. Qf2 Nh5 29. a3 Qe7 30. g3 Qg5 31. h4 Qxg3+ 32.
Qxg3 Nxg3 33. Kf2 Nh5 34. Rd3 Nf4 35. Rxd8 Rxd8 36. Ke3 Rd6 37. Ba2 Rd3+ 38. Kf2 Rd2+ 39. Kf1 Rd7 40. Rc8+ Kh7 41. Bc4 g6 42. Kf2 Kg7 43.
a4 h5 44. Bb5 Rd2+ 45. Ke1 Rxb2 46. Rc7 Ng2+ 47. Kd1 Nxh4 48. Bc4 Kh6 49. Rxf7 a5 50. Re7 Nxf3 51. Be2 Nd4 52. Bd3 h4 53. Rxe5 h3 54.
Re8 h2 55. Rh8+ Kg7 56. Rh3 Rg2 57. e5 Rg1+ 58. Kd2 h1=Q 59. Rxh1 Rxh1 60. Kc3 Nf3 61. e6 Kf6 62. Be4 Rh3 63. Kc2 Nd4+ 64. Kd2 Kxe6 65.
Bxg6 Rg3 66. Bd3 Kd6 67. Kc3 Kc5 68. Kd2 Kb4 69. Be4 Nb3+ 70. Kc2 Nc5 71. Bc6 Nxa4 72. Kd2 Nc5 73. Kc2 b5 74. Kb2 a4 75. Ka2 Rd3 76. Bh1 Rd2+ 77. Ka1 Kb3 0-1

[Event "*** Titled Tuesday Blitz"]
[Site "Chess.com"]
[Date "2021.03.02"]
[Round "4"]
[White "Kale36"]
[Black "WonderChampion"]
[Result "1-0"]
[WhiteElo "2294"]
[BlackElo "2087"]
[TimeControl "180+1"]
[EndTime "10:41:31 PST"]
[Termination "Kale36 won on time"]

1. d4 d5 2. Nc3 e6 3. Nf3 Bb4 4. Qd3 Nf6 5. Bg5 O-O 6. a3 Bd6 7. e4 dxe4 8. Nxe4 Be7 9. Bxf6 Bxf6 10. c3 Bd7 11. Qc2 Nc6 12. Bd3 h6 13. Nc5 b6 14. Nxd7 Qxd7 15. Bh7+ Kh8 16. Be4 Rad8 17. O-O Ne7 18. a4 Nd5 19. g3 c6 20. a5 b5 21. Bxd5 Qxd5 22. Qe2 Rfe8 23. Rfe1 c5 24. dxc5 Qxc5 25. Rad1 Qc6 26. Ne5 Qb7 27. Qf3 Qxf3 28. Nxf3 Rxd1 29. Rxd1 Rd8 30. Rxd8+ Bxd8 31. a6 Bb6 32.
Ne5 Kg8 33. Nd7 Bc7 34. f4 f6 35. Kf2 Kf7 36. Ke3 Ke7 37. Nc5 Bb6 38. Kd4 Kd6 39. b4 Bxc5+ 40. bxc5+ Kc6 41. g4 g6 42. h4 h5 43. g5 f5 44. Ke5 Kxc5 45. Kxe6 Kc4 46.
Kf6 Kxc3 47. Kxg6 b4 48. Kh6 b3 49. g6 b2 50. g7 b1=Q 51. g8=Q Qe4 52. Kxh5 Qf3+ 53.
Kg6 Qg4+ 54. Kf7 Qxf4 55. Qg5 Qc7+ 56. Kg6 f4 57. h5 Kd3 58. h6 Ke3 59. h7 Qd6+ 60.
Qf6 Qd3+ 61. Qf5 Qd6+ 62. Qf6 Qd3+ 63. Kg7 Qd7+ 64. Qf7 Qd4+ 65. Qf6 Qd7+ 66. Kg8 Qe8+ 67. Qf8 Qe6+ 68. Qf7 Qc8+ 69. Kg7 Qg4+ 70. Kf6 Qh4+ 71.
Ke6 Qh6+ 72. Ke7 Qg5+ 73. Ke8 1-0

[Event "*** Titled Tuesday Blitz"]
[Site "Chess.com"]
[Date "2021.03.02"]
[Round "4"]
[White "Vasily85"]
[Black "Vugar_Manafov"]
[Result "0-1"]
[WhiteElo "2466"]
[BlackElo "2624"]
[TimeControl "180+1"]
[EndTime "10:41:34 PST"]
[Termination "Vugar_Manafov won by resignation"]

1. d4 Nf6 2. Bg5 e6 3. e4 d6 4. Nc3 Be7 5. Nf3 h6 6. Be3 Nbd7 7. Be2 e5 8. O-O O-O 9. h3 c6 10. a4 a5 11. dxe5 dxe5 12. Bc4 Qc7 13. Qe2 Re8 14. Rfd1 Nf8 15. Nd2 Bb4 16. f3 Nh5 17. Qf2 Nf4 18. Ne2 Nxe2+ 19. Qxe2 Ng6 20. c3 Bf8 21. Qf2 Nf4 22.
Nb3 Be6 23. Bxe6 Rxe6 24. Rd2 Rd8 25. Rad1 Rxd2 26. Qxd2 Rg6 27. Bxf4 exf4 28. Nd4 Rd6 29. Qe2 Qd8 30. Rd2 g6 31. Kh2 Bg7 32. Nb3 Rxd2 33.
Qxd2 Qb6 34. Qc2 Bf6 35. Nd2 Qf2 36. Qd1 b5 37. axb5 cxb5 38. Nb3 a4 39. Nd4 Qxb2 40. Qd3 a3 41. e5 Bxe5 42. Ne6 fxe6 43. Qxg6+ Kf8 44.
Qxh6+ Ke7 45. Qh7+ Kd6 46. Qd3+ Kc5 47. Qe4 Qxc3 48. Qb7 a2 49. Qa7+ Kb4 50. Qxa2 Qc4 51. Qd2+ Kc5 52. Qe1 Qc3 53. Qf2+ Qd4 54. Qc2+ Qc4 55.
Qg6 b4 56. Qg5 Qd5 57. Qe7+ Bd6 58. Qa7+ Kc4 59. Qa6+ Kc3 60. Qc8+ Bc5 61. Qh8+ e5 62. Qa8 b3 63. Qa1+ b2 64. Qe1+ Qd2 65. Qxe5+ Bd4 66.
Qc7+ Kd3 67. Qh7+ Ke2 68. Qe4+ Be3 69. Qc4+ Kd1 70. Qf1+ Kc2 71. Qc4+ Qc3 72. Qe2+ Bd2 73. Qe4+ Kc1 74. Qxf4 Bxf4+ 0-1

[Event "*** Titled Tuesday Blitz"]
[Site "Chess.com"]
[Date "2021.03.02"]
[Round "4"]
[White "GM_dmitrij"]
[Black "Jungle_Jaguar"]
[Result "1-0"]
[WhiteElo "3014"]
[BlackElo "2614"]
[TimeControl "180+1"]
[EndTime "10:41:42 PST"]
[Termination "GM_dmitrij won by checkmate"]

1. e4 c5 2. Nf3 d6 3. Bb5+ Nd7 4. O-O Nf6 5. Re1 e6 6. c3 Be7 7. d4 O-O 8. Bg5 a6 9. Bf1 b5 10. a4 bxa4 11. Qxa4 Bb7 12. Nbd2 h6 13. Bh4 d5 14. e5 Ne4 15. Bxe7 Qxe7 16. Nxe4 dxe4 17. Nd2 cxd4 18.
cxd4 Rfb8 19. Qa3 Qh4 20. Qg3 Qxg3 21. hxg3 Bd5 22. b3 Rb4 23. Ra4 Rab8 24. Bxa6 Bxb3 25. Rxb4 Rxb4 26. Nxb3 Rxb3 27. Rxe4 Rb1+ 28. Kh2 Rb4 29. f3 g6 30. Kg1 Nb6 31. Kf2 Nd5 32. Rh4 Kg7 33.
Bd3 Ne7 34. Re4 Nd5 35. Be2 Rb2 36. Kf1 Nc3 37. Re3 Nd5 38. Rd3 f6 39. exf6+ Kxf6 40. g4 Nf4 41. Re3 Rb1+ 42. Kf2 Rb2 43. g3 Nd5 44.
Rd3 g5 45. Ke1 Nb4 46. Rd2 Rb1+ 47. Kf2 Nd5 48. Bc4 Nb6 49. Bd3 Rb4 50. Be4 Nc4 51. Rc2 Nb6 52. Ke3 Rb3+ 53. Ke2 Na4 54. Rc6 Nc3+ 55. Kf2 Rb2+ 56. Ke3 Nd1+ 57. Kd3 Nf2+ 58.
Kc3 Re2 59. Bd5 Ke7 60. Bc4 Re3+ 61. Kd2 Rxf3 62. Rxe6+ Kf8 63. Ke2 Rf7 64. Rxh6 Nxg4 65. Bxf7 Nxh6 66. Be6 Ke7 67. d5 Kd6 68. Kd3 Ke5 69.
Kc4 g4 70. Kc5 Kf6 71. Kc6 Ke7 72. Kc7 Kf6 73. Kd6 Kg7 74. Ke5 Kf8 75. Kf6 Ke8 76.
Kg6 Nf7 77. Bxf7+ Kf8 78. Be6 Ke7 79. Kg5 Kf8 80. Kxg4 Kg7 81. Kf4 Kf6 82. g4 Kg6 83.
g5 Kg7 84. Kf5 Kh7 85. d6 Kh8 86. Kf6 Kh7 87. d7 Kh8 88. d8=Q+ Kh7 89. Bf5# 1-0

[Event "*** Titled Tuesday Blitz"]
[Site "Chess.com"]
[Date "2021.03.02"]
[Round "4"]
[White "Treacherous_horse64"]
[Black "Piotrek1979"]
[Result "1/2-1/2"]
[WhiteElo "2596"]
[BlackElo "2359"]
[TimeControl "180+1"]
[EndTime "10:41:57 PST"]
[Termination "Game drawn by repetition"]

1. d4 d5 2. Nf3 e6 3. c4 Nf6 4. Nc3 c6 5. Bf4 Nbd7 6. e3 Be7 7.
Qc2 O-O 8. Rc1 a6 9. h3 b5 10. c5 a5 11. Bd3 b4 12. Ne2 Ba6 13. O-O Bxd3 14. Qxd3 Ne4 15. a3 Qc8 16. axb4 axb4 17.
Ra1 Qb7 18. Ng3 f5 19. Ne5 Nxe5 20. Bxe5 Rxa1 21. Rxa1 Ra8 22. Rxa8+ Qxa8 23. Nxe4 fxe4 24. Qe2 g6 25. Qg4 Kf7 26. Qf4+ Kg8 27. Bd6 Bxd6 28.
Qxd6 Qa1+ 29. Kh2 Qxb2 30. Qxc6 b3 31. Qd7 Qc2 32. c6 b2 33. c7 b1=Q 34. c8=Q+ Qxc8 35. Qxc8+ Kf7 36. Qh8 Qf1 37. Qxh7+ Kf6 38. Qh8+ Kf7 39. Qh7+ Kf6 40. Qh4+ Kf7 41. Qf4+ Ke7 42. h4 Qe2 43. Kg3 Qd1 44. Qc7+ Kf6 45. Qd8+ Kf7 46. Qd7+ Kf6 47. Qe8 Kg7 48. Qe7+ Kh6 49. Qxe6 Qb3 50. Qf6 Kh7 51. Qf7+ Kh6 52. Qe8 Kg7 53. h5 gxh5 54. Qxh5 Qa2 55. Qe5+ Kf7 56. Qf4+ Kg6 57. Kg4 Kg7 58. Qe5+ Kf7 59.
Qf5+ Ke7 60. Kg5 Qc4 61. Qe5+ Kd7 62. Qg7+ Kc6 63. Qf6+ Kb5 64. Qd6 Ka4 65. Qc5 Kb3 66. Qb6+ Kc2 67. Kf4 Kd2 68. Qb2+ Ke1 69. g4 Qc7+ 70. Kf5 Qf7+ 71. Ke5 Qg7+ 72. Kxd5 Qxg4 73. Qb1+ Kxf2 74. Qxe4 Qd7+ 75. Kc4 Qa4+ 76. Kc5 Qa5+ 77. Kd6 Qd8+ 78. Ke5 Qe7+ 79. Kf4 Qh4+ 80. Kf5 Qh7+ 81. Ke5 Qe7+ 82. Kd5 Qb7+ 83. Ke5 Qe7+ 1/2-1/2

[Event "*** Titled Tuesday Blitz"]
[Site "Chess.com"]
[Date "2021.03.02"]
[Round "5"]
[White "WcmDominicToretto"]
[Black "Ladislav1969"]
[Result "0-1"]
[WhiteElo "1943"]
[BlackElo "2307"]
[TimeControl "180+1"]
[EndTime "10:50:40 PST"]
[Termination "Ladislav1969 won by resignation"]

1. e4 c5 2. Nc3 e6 3. f4 Nc6 4. Nf3 g6 5. Bb5 Nge7 6. O-O Bg7 7. d3 O-O 8. Bd2 Nd4 9. Nxd4 cxd4 10. Ne2 d6 11. c3 dxc3 12. Nxc3 Bxc3 13. Bxc3 Qb6+ 14. Kh1 Qxb5 15. Qg4 Qh5 16. Qg3 Nc6 17. f5 exf5 18.
Qh3 Qxh3 19. gxh3 fxe4 0-1

[Event "*** Titled Tuesday Blitz"]
[Site "Chess.com"]
[Date "2021.03.02"]
[Round "5"]
[White "AniJak"]
[Black "MarcLonoff"]
[Result "0-1"]
[WhiteElo "2324"]
[BlackElo "2131"]
[TimeControl "180+1"]
[EndTime "10:50:48 PST"]
[Termination "MarcLonoff won by resignation"]

1. e4 e6 2. d4 d5 3. Nd2 Nc6 4. Ngf3 Nf6 5. e5 Nd7 6. Bb5 a6 7. Bxc6 bxc6 8. Nb3 a5 9. Bg5 Be7 10. Qd2 a4 11. Bxe7 Qxe7 12. Na5 Nb8 13. b4 Ba6 14.
Qc3 O-O 15. Nxc6 Nxc6 16. Qxc6 Qxb4+ 17. c3 Qb2 0-1

[Event "*** Titled Tuesday Blitz"]
[Site "Chess.com"]
[Date "2021.03.02"]
[Round "5"]
[White "Faqade"]
[Black "Misha_Bilous"]
[Result "0-1"]
[WhiteElo "2698"]
[BlackElo "2561"]
[TimeControl "180+1"]
[EndTime "10:50:51 PST"]
[Termination "Misha_Bilous won by resignation"]

1. e4 c5 2. Nf3 d6 3. Bb5+ Bd7 4. Bxd7+ Qxd7 5. c4 Nc6 6. d4 cxd4 7. Nxd4 g6 8. Nc3 Bg7 9. Be3 Nf6 10. f3 O-O 11. O-O e6 12. Rc1 Rfd8 13. Qd2 d5 14.
exd5 exd5 15. c5 Nxd4 16. Bxd4 Ne4 17. Qf2 Nxf2 0-1

[Event "*** Titled Tuesday Blitz"]
[Site "Chess.com"]
[Date "2021.03.02"]
[Round "5"]
[White "BJthechessgod"]
[Black "mr65"]
[Result "1-0"]
[WhiteElo "2247"]
[BlackElo "2091"]
[TimeControl "180+1"]
[EndTime "10:51:18 PST"]
[Termination "BJthechessgod won by resignation"]

1. e4 e5 2. Nf3 Nc6 3. Bc4 Nf6 4. d3 Bc5 5. c3 O-O 6. O-O d5 7. exd5 Nxd5 8. b4 Bb6 9. b5 Na5 10. Nxe5 Nxc4 11. Nxc4 Qf6 12. Nxb6 axb6 13. Bb2 Nf4 14. Qf3 Qg5 15. Bc1 Qxb5 16. Bxf4 Qb2 17. Nd2 Qxc3 18. Ne4 Qd4 19. Qg3 1-0

[Event "*** Titled Tuesday Blitz"]
[Site "Chess.com"]
[Date "2021.03.02"]
[Round "5"]
[White "CHENNAIBOND"]
[Black "Darius321"]
[Result "0-1"]
[WhiteElo "1730"]
[BlackElo "2302"]
[TimeControl "180+1"]
[EndTime "10:51:25 PST"]
[Termination "Darius321 won by resignation"]

1. e4 e5 2. Nf3 Nc6 3. Bb5 Bc5 4. O-O Nf6 5. c3 O-O 6. Re1 Ng4 7. Re2 d6 8. d4 Bb6 9. h3 Nf6 10. Bxc6 bxc6 11.
dxe5 dxe5 12. Nbd2 Ba6 13. Re1 Qd6 14. a4 Qc5 15. a5 Qxf2+ 16. Kh1 Be3 17. Re2 0-1

[Event "*** Titled Tuesday Blitz"]
[Site "Chess.com"]
[Date "2021.03.02"]
[Round "5"]
[White "Taktikmonster"]
[Black "Ze-Pequeno"]
[Result "1-0"]
[WhiteElo "2373"]
[BlackElo "2216"]
[TimeControl "180+1"]
[EndTime "10:51:27 PST"]
[Termination "Taktikmonster won by resignation"]

1. e4 c5 2. Nf3 d6 3. d4 cxd4 4.
Nxd4 Nf6 5. Nc3 a6 6. Be2 e6 7. Nb3 Be7 8. Be3 b5 9. g4 Bb7 10. f3 Nc6 11. g5 Nd7 12. Qd2 Rc8 13. O-O-O Nce5 14. f4 Nc4 15. Bxc4 bxc4 16. Nd4 Nc5 17.
f5 e5 18. f6 gxf6 19. gxf6 Bxf6 20. Nf5 1-0

[Event "*** Titled Tuesday Blitz"]
[Site "Chess.com"]
[Date "2021.03.02"]
[Round "5"]
[White "ridnani2021"]
[Black "onetowin"]
[Result "1-0"]
[WhiteElo "2361"]
[BlackElo "2132"]
[TimeControl "180+1"]
[EndTime "10:51:36 PST"]
[Termination "ridnani2021 won by resignation"]

1. e4 c5 2. Nf3 e6 3. b3 Nc6 4. Bb2 Nf6 5. e5 Nd5 6. g3 d6 7. Bg2 dxe5 8. Nxe5 Nxe5 9. Bxe5 f6 10. Bb2 Be7 11. O-O O-O 12. d4 cxd4 13. Qxd4 Nb4 14. Qc4 b6 15. Bxa8 Ba6 16. Qxe6+ Kh8 17. Re1 Nxc2 18.
Qxe7 Qxa8 19. Na3 Nxa1 20. Bxa1 Rc8 21. Nc4 Qf3 22. Qe8+ 1-0

[Event "*** Titled Tuesday Blitz"]
[Site "Chess.com"]
[Date "2021.03.02"]
[Round "5"]
[White "FairChess_on_YouTube"]
[Black "SGchess01"]
[Result "1-0"]
[WhiteElo "2950"]
[BlackElo "2846"]
[TimeControl "180+1"]
[EndTime "10:51:39 PST"]
[Termination "FairChess_on_YouTube won by resignation"]

1. Nf3 Nf6 2. c4 e6 3. Nc3 d5 4. d4 c5 5. cxd5 Nxd5 6. e4 Nxc3 7. bxc3 cxd4 8. cxd4 Bb4+ 9. Bd2 Bxd2+ 10. Qxd2 O-O 11.
Bc4 Nd7 12. O-O b6 13. Rfe1 Bb7 14. Rad1 Rc8 15. Bb3 Re8 16. h3 h6 17. Re3 b5 18.
Qe2 b4 19. d5 exd5 20. exd5 Rxe3 21. Qxe3 Nc5 22. d6 Nxb3 23. d7 Rb8 24. Qxa7 1-0

[Event "*** Titled Tuesday Blitz"]
[Site "Chess.com"]
[Date "2021.03.02"]
[Round "5"]
[White "slavenok"]
[Black "Genghis_K"]
[Result "0-1"]
[WhiteElo "2719"]
[BlackElo "2928"]
[TimeControl "180+1"]
[EndTime "10:51:42 PST"]
[Termination "Genghis_K won by resignation"]

1. e4 c6 2. d4 d5 3. exd5 cxd5 4. Nf3 Nc6 5. c4 Nf6 6. Nc3 e6 7. cxd5 Nxd5 8. Bb5 Be7 9. Ne5 Bd7 10. Nxd7 Qxd7 11.
O-O O-O 12. Be3 a6 13. Ba4 Nxc3 14. bxc3 b5 15. Bc2 Na5 16. Qd3 g6 17. Rac1 Nc4 18. Bh6 Rfe8 19. Bb3 Rac8 20. h3 Bf8 21. Bxf8 Rxf8 22.
h4 Qe7 23. h5 Qg5 24. hxg6 hxg6 25. f4 Qf5 26. Qe2 Kg7 27. Bc2 Qf6 28. Bd3 Rh8 29.
Qg4 Ne3 30. Qg3 Nxf1 31. Bxf1 Rhd8 32. Rd1 b4 0-1

[Event "*** Titled Tuesday Blitz"]
[Site "Chess.com"]
[Date "2021.03.02"]
[Round "5"]
[White "atwalcb"]
[Black "esapunov"]
[Result "1-0"]
[WhiteElo "2552"]
[BlackElo "2703"]
[TimeControl "180+1"]
[EndTime "10:51:54 PST"]
[Termination "atwalcb won by resignation"]

1. d4 Nf6 2. Bg5 d5 3. Bxf6 gxf6 4. c4 c5 5. cxd5 Qxd5 6. Nc3 Qxd4 7. Nd5 Na6 8. e3 Qxd1+ 9. Rxd1 e6 10. Bb5+ Bd7 11. Nxf6+ Ke7 12. Nxd7 Nc7 13. Be2 b6 14. Ne5 Nd5 15.
Ngf3 Bg7 16. O-O Rac8 17. a3 Rc7 18. Bb5 Rhc8 19. Rd2 f6 20. Nc4 f5 21. Rfd1 Rb8 22. Nce5 Rbc8 23. Bc4 Nf6 24. Ng5 Ne4 25. Nxe4 Bxe5 26.
Ng5 1-0